 Dungeon Crawl Stone Soup version 0.31-a0-833-gc15d34cb79 (webtiles) character file.

Game seed: 15291261389757067705

1388 Turgor the Changeling (level 8, -2/64 HPs)
             Began as a Barachi Shapeshifter on Sept 24, 2023.
             Was a Follower of Wu Jian.
             Slain by a troll (6 damage)
             ... on level 6 of the Dungeon on Sept 25, 2023.
             The game lasted 00:20:59 (4481 turns).

Turgor the Changeling (Barachi Shapeshifter)        Turns: 4481, Time: 00:20:59

Health: -2/64      AC:  3    Str: 18    XL:     8   Next: 67%
Magic:  8/8        EV: 13    Int: 11    God:    Wu Jian [*.....]
Gold:   214        SH:  0    Dex: 11    Spells: 7/7 levels left

rFire   + +          .
                       - Unarmed
rCold   + . .        (shield currently unavailable)
rNeg    . . .        u - +0 robe {rC+}
rPois   .            (no helmet)
rElec   .            a - +0 cloak
rCorr   .            (no gloves)
SInv    .            (no boots)
Will    .....        (no amulet)
Stlth   +            o - ring of protection from fire
HPRegen 0.30/turn    H - ring of protection from fire
MPRegen 0.11/turn

%: no passive effects
@: flux-form, unable to hop, glowing, slow
A: glow, contaminating, amphibious, slowness 1, strong legs 1, +LOS
a: Hop, Begin Untransformation, Renounce Religion


You were on level 6 of the Dungeon.
You worshipped Wu Jian.
Wu Jian was aware of your devotion.
You were something dangerously unstable.
You visited 1 branch of the dungeon, and saw 6 of its levels.

You collected 335 gold pieces.
You spent 121 gold pieces at shops.

Inventory:

Hand Weapons
 e - a +1 dagger of venom
 g - a +2 dagger of speed
Missiles
 t - 10 poisoned darts (quivered)
 y - 6 javelins
Armour
 a - a +0 cloak (worn)
 u - a +0 robe of cold resistance (worn)
Jewellery
 o - a ring of protection from fire (left hand)
 q - a ring of ice
 H - a ring of protection from fire (right hand)
Talismans
 c - a beast talisman
 d - a flux talisman (active)
Wands
 b - a wand of mindburst (9)
Scrolls
 f - a scroll of immolation {unknown}
 j - a scroll of vulnerability {unknown}
 l - a scroll of amnesia {unknown}
 p - a scroll of noise {unknown}
 r - a scroll of poison {unknown}
 s - 3 scrolls of teleportation
 v - a scroll of fear
 x - a scroll of enchant armour {unknown}
 z - a scroll of fog {unknown}
 E - 2 scrolls of torment {unknown}
 G - a scroll of revelation {unknown}
Potions
 h - a potion of magic
 i - 2 potions of cancellation
 k - 2 potions of haste
 n - 2 potions of curing
 w - a potion of enlightenment
 B - a potion of berserk rage {unknown}
 C - a potion of degeneration {unknown}
 D - a potion of mutation {unknown}
 F - a potion of invisibility {unknown}


   Skills:
 + Level 5.6 Fighting
 - Level 5.0 Dodging
 + Level 6.1 Unarmed Combat
 * Level 7.5 Shapeshifting


You had 7 spell levels left.
You didn't know any spells.
Your spell library contained the following spells:

 Spells                   Type           Power      Damage    Failure   Level
 Call Canine Familiar     Summ           0%         N/A       71%         3
 Sigil of Binding         Hex            0%         N/A       71%         3
 Stone Arrow              Conj/Erth      0%         3d7       71%         3
 Tukima's Dance           Hex            0%         N/A       71%         3
 Animate Armour           Summ/Erth      0%         N/A       98%         4
 Dimensional Bullseye     Hex/Tloc       0%         N/A       98%         4
 Iskenderun's Mystic Bla  Conj/Tloc      0%         2d3       98%         4
 Leda's Liquefaction      Hex/Erth       0%         N/A       98%         4
 Lehudib's Crystal Spear  Conj/Erth      0%         10d2      100%        8


Dungeon Overview and Level Annotations

Branches:
Dungeon (6/15)             Temple (0/1) D:5

Altars:
Ashenzari
Okawaru
Sif Muna
Wu Jian
Xom

Shops:
D:3 (?


Innate Abilities, Weirdness & Mutations

You are something dangerously unstable.
You glow with magical radiation, making you easy to see and hit.
Foes you strike become dangerously contaminated with magical radiation.
You are incapable of wielding weapons or throwing items.
You are amphibious.
You cover ground slowly.
You can hop short distances.
You have an extended range of vision and can be seen from far away.


Message History

Okay, then.
Aiming: Mindburst
Press: ? - help, Shift-Dir - straight line, f - troll
Aim: a troll (chance to affect: 64%)
The troll struggles to resist.
You punch the troll!
The troll begins to glow.
The troll is lightly wounded.
The troll bites you! The troll claws you! The troll barely misses you.
You hit the troll.
The troll glows dangerously bright.
The troll is moderately wounded.
The troll closely misses you. The troll barely misses you. The troll claws you.
You hit the troll.
The troll shudders as magic cascades through it!!
The troll twists and deforms.
The troll is almost dead.
The troll bites you! The troll claws you but does no damage.
The troll barely misses you.
You barely miss the troll.
The troll is almost dead.
The troll bites you. The troll barely misses you. x2
You hit the troll.
The troll begins to glow.
The troll is almost dead.
You hit the troll but do no damage.
The troll glows dangerously bright.
The troll is almost dead.
The troll closely misses you. The troll claws you.
The troll closely misses you.
You completely miss the troll.
The troll is almost dead.
The troll bites you!
* * * LOW HITPOINT WARNING * * *
The troll claws you!
* * * LOW HITPOINT WARNING * * *
The troll claws you.
* * * LOW HITPOINT WARNING * * *
You hit the troll.
The troll shudders as magic cascades through it.
The troll twists and deforms.
The troll is almost dead.
The troll bites you.
You die...

$# .. .#. ###### .#. #....#
... #.##.# #.## #.##.#
.#!.######### #.##.#
#...........##########.##.#
...............Tp......##.#
..#########.####.#####....#
.. #.# #.# #.#<#######. .
#.# #.# #.#.)....... .
####'####.#####.#.########
$ #..........#....###
#.....##[.##.####
#.....##.....#
#.....##...#.###


You could see a troll (misshapen).

Vanquished Creatures
  Pikel (D:4)
  Edmund (D:5)
  An ice beast (D:5)
  2 black bears (D:5)
  An ogre (D:6)
  A lemure (D:4)
  A phantom (D:5)
  A scorpion (D:4)
  A howler monkey (D:5)
  2 hounds (D:5)
  A jelly (D:5)
  A gnoll bouda (D:5)
  6 gnolls (D:5)
  3 adders
  3 worms
  6 orcs
  6 ball pythons
  6 endoplasms
  3 giant cockroaches
  6 goblins
  6 hobgoblins
  9 jackals
  5 quokkas
  4 bats
  4 frilled lizards
  7 kobolds
  2 rats
90 creatures vanquished.

Notes
Turn   | Place    | Note
-------+----------+-------------------------------------------
     0 | D:1      | Turgor the Barachi Shapeshifter began the quest for the
                  | Orb.
     0 | D:1      | Reached XP level 1. HP: 15/15 MP: 1/1
    20 | D:1      | Found a faded altar of an unknown god.
   113 | D:1      | Reached XP level 2. HP: 21/21 MP: 2/2
   537 | D:1      | Reached XP level 3. HP: 26/27 MP: 3/3
   896 | D:2      | Reached skill level 4 in Shapeshifting
  1013 | D:2      | Reached XP level 4. HP: 22/33 MP: 4/4
  1638 | D:3      | Found an ornate altar of the Wu Jian Council.
  1661 | D:3      | Became a worshipper of the Wu Jian Council
  1701 | D:3      | Found Narrudwu's Magic Scroll Emporium.
  1707 | D:3      | Bought a scroll of teleportation for 33 gold pieces
  1707 | D:3      | Bought a scroll of identify for 22 gold pieces
  1707 | D:3      | Bought a scroll of identify for 22 gold pieces
  1707 | D:3      | Bought a scroll of fear for 44 gold pieces
  1954 | D:3      | Found Wenkik Kara's Antique Weapon Emporium.
  2088 | D:4      | Found an iron altar of Okawaru.
  2119 | D:4      | Noticed a lemure
  2119 | D:4      | Noticed a lemure
  2382 | D:4      | Noticed a scorpion
  2389 | D:4      | Killed a scorpion
  2390 | D:4      | Reached XP level 5. HP: 31/40 MP: 5/5
  2509 | D:4      | Found a shimmering blue altar of Sif Muna.
  2656 | D:4      | Noticed a lemure
  2656 | D:4      | Noticed a lemure
  2659 | D:4      | Noticed Pikel
  2697 | D:4      | Upgraded the game from 0.31-a0-831-g143b1e81fc to
                  | 0.31-a0-833-gc15d34cb79
  2722 | D:4      | Killed a lemure
  2802 | D:4      | Killed Pikel
  2803 | D:4      | Reached skill level 5 in Unarmed Combat
  2803 | D:4      | Reached skill level 5 in Shapeshifting
  2803 | D:4      | Reached XP level 6. HP: 48/48 MP: 6/6
  2803 | D:4      | Reached XP level 7. HP: 54/54 MP: 7/7
  2895 | D:5      | Entered Level 5 of the Dungeon
  2903 | D:5      | Reached skill level 6 in Shapeshifting
  2934 | D:5      | Noticed Edmund
  2979 | D:5      | Found a staircase to the Ecumenical Temple.
  3040 | D:5      | Reached XP level 8. HP: 23/61 MP: 8/8
  3264 | D:5      | Killed Edmund
  3265 | D:5      | Reached skill level 5 in Fighting
  3265 | D:5      | Reached skill level 5 in Dodging
  3687 | D:5      | Found a shimmering altar of Xom.
  3689 | D:5      | Found a broken altar of Ashenzari.
  3758 | D:5      | Reached skill level 7 in Shapeshifting
  4037 | D:5      | Reached * piety under Wu Jian
  4265 | D:6      | Noticed a yak
  4460 | D:6      | Noticed a troll
  4481 | D:6      | Slain by a troll

Illustrated notes

Levels and vault maps discovered:
D:1:      dpeg_arrival_pits, layout_loops_ring, basic_ecumenical_altar
D:2:      layout_loops_ring
D:3:      layout_basic, mainiacjoe_overflow_concentric_impassable, serial_shops,
          shop, nicolae_shop_back_alley_shop
D:4:      layout_cave_pools, kennysheep_mini_moat, mainiacjoe_overflow_alcove_4,
          uniq_pikel
D:5:      layout_rooms, jmf_multi_god_temple, minmay_temple_entry_grid,
          minmay_misc_feat_tiny, uniq_edmund
D:6:      layout_basic, minmay_manual_mess

Skill      XL: |  1  2  3  4  5  6  7  8 |
---------------+-------------------------+-----
Fighting       | 2 4 5 |  5.6
Shapeshifting  | 4 5 6 7 |  7.5
Dodging        | 3 4 5 |  5.0
Unarmed Combat | 4 5 6 |  6.1

Action                     |  1- 3 |  4- 6 |  7- 9 || total
---------------------------+-------+-------+-------++-------
  Melee: Unarmed           |   110 |   103 |   112 ||   325
         Punch             |       |     1 |     1 ||     2
  Throw: Dart              |       |     5 |     6 ||    11
         Javelin           |       |     2 |       ||     2
Ability: Lunge             |       |     2 |     3 ||     5
         Hop               |       |     3 |     3 ||     6
  Evoke: Wand              |       |       |     1 ||     1
    Use: Scroll            |       |     5 |     1 ||     6
         Potion            |       |     1 |     2 ||     3
   Stab: Sleeping          |     1 |       |       ||     1
         Distracted        |       |     1 |       ||     1
 Armour: Animal skin       |    36 |    17 |       ||    53
         Robe              |       |    30 |    69 ||    99
         Skin              |       |     8 |       ||     8
  Dodge: Dodged            |    62 |    46 |    56 ||   164
   Form: Flux              |       |       |     1 ||     1

Table legend: (Time is in decaauts)
 A = Elapsed time spent in this place.
 B = Non-inter-level travel time spent in this place.
 C = Inter-level travel time spent in this place.
 D = Time resting spent in this place.
 E = Time spent auto-exploring this place.
 F = Levels seen in this place.
 G = Mean time per level.
                   A        B        C        D        E       F      G
               +--------+--------+--------+--------+--------+-----+--------+
         Total |   4978 |   4784 |    194 |    605 |   2959 |   6 |  829.7 |
       Dungeon |   4978 |   4784 |    194 |    605 |   2959 |   6 |  829.7 |
               +--------+--------+--------+--------+--------+-----+--------+

Top non-repeatable levels by time:
     D:5: 1483 daAuts
     D:2: 960 daAuts
     D:4: 886 daAuts
     D:1: 812 daAuts
     D:3: 644 daAuts
     D:6: 191 daAuts
